 Dungeon Crawl Stone Soup version 0.21-a0-440-g28109cb (webtiles) character file.

194 mortelune the Skirmisher (level 5, -5/48 HPs)
             Began as a Minotaur Fighter on Nov 11, 2017.
             Killed by nerve-wracking pain
             ... invoked by Grinder
              (10 damage)
             ... on level 3 of the Dungeon.
             The game lasted 00:05:25 (1989 turns).

mortelune the Skirmisher (Minotaur Fighter)         Turns: 1989, Time: 00:05:26

Health: -5/48      AC:  8    Str: 27    XL:     5   Next: 44%
Magic:  13/13      EV:  7    Int:  5    God:
Gold:   138        SH: 10    Dex:  9    Spells: 4/4 levels left

rFire    . . .     SeeInvis .   a - +1 war axe
rCold    . . .     Gourm    .   c - +0 shield
rNeg     . . .     Faith    .   b - +0 scale mail
rPois    .         Spirit   .   (helmet restricted)
rElec    .         Reflect  .   (no cloak)
rCorr    .         Harm     .   p - +0 pair of gloves
MR       .....                  (no boots)
Stlth    ..........             (no amulet)
HPRegen  0.16/turn              r - ring of magical power
MPRegen  0.13/turn              (no ring)

@: mighty, hasted, very quick
A: retaliatory headbutt, horns 2
a: no special abilities


You were on level 3 of the Dungeon.
You were hungry.

You visited 1 branch of the dungeon, and saw 3 of its levels.

You collected 138 gold pieces.

Inventory:

Hand Weapons
 a - a +1 war axe (weapon)
 u - a +0 blowgun
Missiles
 v - 18 poisoned needles
Armour
 b - a +0 scale mail (worn)
 c - a +0 shield (worn)
 p - a +0 pair of gloves (worn)
Jewellery
 r - a ring of magical power (left hand)
Scrolls
 g - a scroll of enchant weapon
 n - a scroll of remove curse {unknown}
 t - a scroll of immolation {unknown}
 w - a scroll of blinking {unknown}
 x - a scroll of random uselessness {unknown}
Potions
 d - a potion of might
 e - a potion of berserk rage {unknown}
 i - a potion of agility {unknown}
 j - 2 potions of curing {unknown}
 k - a potion of resistance {unknown}
 m - a potion of brilliance {unknown}
 o - a potion of mutation {unknown}
 q - 2 potions of magic {unknown}
 z - a potion of lignification {unknown}
Comestibles
 f - 2 bread rations
 l - 2 meat rations
 s - a royal jelly


   Skills:
 + Level 5.2 Fighting
 + Level 4.4 Axes
 + Level 5.2 Armour
 - Level 3.6 Shields


You had 4 spell levels left.
You didn't know any spells.

Dungeon Overview and Level Annotations

Branches:
Dungeon (3/15)

Altars:

Annotations:
D:3 Grinder


Innate Abilities, Weirdness & Mutations

You reflexively headbutt those who attack you in melee.
You have a pair of horns on your head.


Message History

* * * LOW HITPOINT WARNING * * *
You block Grinder's attack.
You closely miss Grinder.
Grinder is heavily wounded.
Grinder hits you but does no damage.
You feel yourself speed up. Grinder gestures at you.
You suddenly lose the ability to move!
Grinder blinks!
Grinder says, "Don't move a muscle."
You can move again.
Grinder blinks!
You see here a sapphire potion.
Things that are here:
a dagger; a kobold corpse You start resting.
You feel very mighty all of a sudden. Grinder gestures at you.
Pain shoots through your body!
You die...

##(#.# ########## #
##.#..# #........#####
##.#...# #.(......##...
#......###.(♣♣♣♣..##.##
#........#..♣ ♣..#..#
#.!#)#####..♣ ♣..#..#
#..#.# #..♣♣♣♣..#..#
#..#.#####........#..#
#.§#.5@..#........#..#
#†.##########''####..#
#..# #..##.##.# #.5#
#.....>..# #.$.
#####.#### #... #.#
#... #.# #...#
##.#####.#
.........#####


You could see Grinder.

Vanquished Creatures
  A centaur skeleton (D:3)
  Natasha (D:2)
  3 adders
  4 oozes
  2 worms (D:2)
  2 dart slugs (D:1)
  3 leopard geckos
  4 orcs (D:3)
  A ball python (D:3)
  4 giant cockroaches
  8 goblins
  9 hobgoblins
  3 jackals (D:3)
  A quokka (D:3)
  13 bats
  4 frilled lizards
  11 kobolds
  8 rats
82 creatures vanquished.

Notes
Turn   | Place    | Note
-------+----------+-------------------------------------------
     0 | D:1      | mortelune the Minotaur Fighter began the quest for the Orb.
     0 | D:1      | Reached XP level 1. HP: 19/19 MP: 0/0
    84 | D:1      | Reached XP level 2. HP: 25/27 MP: 1/1
   308 | D:1      | Reached XP level 3. HP: 33/33 MP: 2/2
   833 | D:2      | Reached XP level 4. HP: 41/41 MP: 3/3
   987 | D:2      | Noticed Natasha
   999 | D:2      | Killed Natasha
  1490 | D:3      | Reached skill level 5 in Fighting
  1490 | D:3      | Reached skill level 5 in Armour
  1490 | D:3      | Reached XP level 5. HP: 45/48 MP: 4/4
  1949 | D:3      | Noticed Grinder
  1959 | D:3      | HP: 2/48 [Grinder/nerve-wracking pain (13)]
  1961 | D:3      | Paralysed by Grinder for 6 turns
  1989 | D:3      | Killed from afar by Grinder

Vault maps used:
D:1:      lightli_arrival_statue_moat
D:2:      first_bread, uniq_natasha
D:3:      kennysheep_generic_room_6, uniq_grinder

Skill      XL: |  1  2  3  4 |
---------------+-------------+-----
Fighting       | 4 5 |  5.2
Armour         | 4 5 |  5.2
Axes           | 3 4 |  4.4
Shields        | |  3.6

Action                   |  1- 3 |  4- 6 || total
-------------------------+-------+-------++-------
Melee: War axe           |    70 |    99 ||   169
       Headbutt          |    14 |    12 ||    26
  Use: Scroll            |       |     1 ||     1
       Potion            |       |     2 ||     2
  Eat: Chunk             |       |     3 ||     3
Armor: Scale mail        |    23 |    48 ||    71
Dodge: Dodged            |    27 |    26 ||    53
Block: Shield            |    37 |    49 ||    86

Table legend:
 A = Spawn XP
 B = Non-spawn XP
 C = Spawn XP percentage of total XP
 D = Spawn monster count
 E = Non-spawn monster count
 F = Spawn count percentage of total count
 G = Total turns spent on level
                    A         B        C        D         E        F      G
               +---------+---------+-------+---------+---------+-------+---------
         Total |       0 |     278 |   0.0 |       0 |      82 |   0.0 |  1989
               +---------+---------+-------+---------+---------+-------+---------
           D:1 |       0 |      53 |   0.0 |       0 |      26 |   0.0 |   696
           D:2 |       0 |     117 |   0.0 |       0 |      28 |   0.0 |   701
           D:3 |       0 |     108 |   0.0 |       0 |      28 |   0.0 |   592
               +---------+---------+-------+---------+---------+-------+---------
